General information
- name: BNet
- type: Ladder team game (AT/RT)
- host: Battle.net
- saver: bazooka_man
map: Battleground
- players: 8
- length: 33:57
- speed: Fast
- version: 1.26 W3XP
- replay type: Public
» download(228 KB)
Players
team 1 (loser)

»
puffpuffpassit1 (
pink | 64 APM | 2157 actions | 33:48)
7 Death Knight
3 Death Coil
2 Unholy Aura
1 Death Pact
1 Animate Dead
7 Lich
3 Frost Nova
2 Frost Armor
1 Death and Decay
1 Dark Ritual
1 Demon Hunter
1 Mana Burn
» actions
| Assign group hotkey | 33 | |
| Build / train | 60 | |
| ESC pressed | 4 | |
| Enter build submenu | 23 | |
| Enter hero's abilities submenu | 15 | |
| Give item / drop item | 1 | |
| Remove unit from queue | 1 | |
| Right click | 1056 | |
| Select / deselect | 273 | |
| Select group hotkey | 560 | |
| Use ability | 131 | |
2157 total
» units
| Acolyte | 3 | |
| Ghoul | 4 | |
| Crypt Fiend | 6 | |
| Forest Troll Shadow Priest | 1 | |
| Frost Wyrm | 7 | |
21 total
» upgrades
| Creature Attack | 2 | |
| Web | 1 | |
| Creature Carapace | 2 | |
| Freezing Breath | 1 | |
6 total
» buildings
| Graveyard | 1 | |
| Crypt | 3 | |
| Altar of Darkness | 1 | |
| Ziggurat | 9 | |
| Halls of the Dead | 1 | |
| Black Citadel | 1 | |
| Sacrificial Pit | 1 | |
| Boneyard | 2 | |
| Tomb of Relics | 1 | |
20 total
» build order
00:22 Graveyard
00:27 Crypt
01:06 Altar of Darkness
01:12 Ziggurat
01:21 Ziggurat
02:35 Crypt
02:43 Crypt
03:44 Ziggurat
04:09 Halls of the Dead
05:36 Ziggurat
07:35 Black Citadel
08:02 Sacrificial Pit
09:57 Boneyard
10:03 Boneyard
11:33 Ziggurat
11:35 Ziggurat
11:37 Ziggurat
13:24 Ziggurat
13:26 Ziggurat
22:14 Tomb of Relics
» items
| Scroll of Healing | 7 | |
| Potion of Lesser Invulnerability | 3 | |
| Dust of Appearance | 1 | |
| Scroll of Town Portal | 1 | |
12 total
retaliatex (
green | 35 APM | 829 actions | 23:46)
3 Demon Hunter
1 Mana Burn
2 Evasion
1 Priestess of the Moon
1 Scout
1 Blademaster
1 Mirror Image
» actions
| Basic commands | 2 | |
| Build / train | 92 | |
| Enter build submenu | 23 | |
| Enter hero's abilities submenu | 6 | |
| Give item / drop item | 1 | |
| Right click | 315 | |
| Select / deselect | 341 | |
| Use ability | 49 | |
829 total
» units
| Wisp | 31 | |
| Archer | 9 | |
| Glaive Thrower | 5 | |
| Hippogryph | 13 | |
| Demolisher | 6 | |
| Shaman | 8 | |
| Troll Witch Doctor | 1 | |
| Chimaera | 1 | |
74 total
» upgrades
| Strength of the Moon | 1 | |
| Vorpal Blades | 1 | |
| Hippogryph Taming | 1 | |
| Improved Bows | 1 | |
| Burning Oil | 1 | |
| Shaman Training | 2 | |
| Liquid Fire | 1 | |
| Ranged Weapons | 1 | |
9 total
» buildings
| Moon Well | 5 | |
| Ancient of War | 2 | |
| Altar of Elders | 1 | |
| Ancient of Wonders | 1 | |
| Hunter's Hall | 1 | |
| Ancient Protector | 3 | |
| Tree of Ages | 1 | |
| Ancient of Wind | 2 | |
| Tree of Life | 1 | |
| Beastiary | 1 | |
| Spirit Lodge | 1 | |
| War Mill | 1 | |
| Tree of Eternity | 1 | |
| Chimaera Roost | 2 | |
23 total
» build order
00:37 Moon Well
00:47 Ancient of War
01:11 Altar of Elders
02:52 Moon Well
02:56 Ancient of Wonders
03:53 Moon Well
05:08 Hunter's Hall
06:23 Ancient Protector
07:21 Tree of Ages
07:40 Ancient Protector
09:51 Ancient of Wind
10:23 Tree of Life
10:29 Ancient Protector
11:22 Ancient of Wind
11:28 Moon Well
14:45 Ancient of War
15:36 Beastiary
15:39 Spirit Lodge
16:36 War Mill
16:47 Tree of Eternity
19:08 Moon Well
19:48 Chimaera Roost
19:53 Chimaera Roost

»
ZemVo (
blue | 60 APM | 919 actions | 15:17)
1 Blademaster
1 Wind Walk
» actions
| Assign group hotkey | 3 | |
| Basic commands | 5 | |
| Build / train | 41 | |
| ESC pressed | 6 | |
| Enter build submenu | 24 | |
| Enter hero's abilities submenu | 1 | |
| Right click | 622 | |
| Select / deselect | 111 | |
| Select group hotkey | 70 | |
| Use ability | 36 | |
919 total
» units
| Peon | 26 | |
| Troll Headhunter/Berserker | 7 | |
33 total
» upgrades
| Spiked Barricades | 1 | |
| Ranged Weapons | 1 | |
2 total
» buildings
| Altar of Storms | 1 | |
| Orc Burrow | 8 | |
| Barracks | 3 | |
| War Mill | 1 | |
| Watch Tower | 4 | |
| Voodoo Lounge | 1 | |
| Stronghold | 2 | |
| Fortress | 2 | |
| Beastiary | 1 | |
23 total
» build order
00:18 Altar of Storms
00:25 Orc Burrow
01:08 Barracks
01:15 Barracks
01:34 War Mill
02:23 Orc Burrow
04:04 Orc Burrow
05:18 Watch Tower
07:16 Barracks
07:20 Orc Burrow
07:29 Watch Tower
08:35 Voodoo Lounge
08:40 Orc Burrow
08:43 Stronghold
08:44 Stronghold
09:04 Orc Burrow
09:45 Watch Tower
09:57 Watch Tower
10:31 Orc Burrow
11:31 Orc Burrow
11:39 Fortress
12:38 Beastiary
13:19 Fortress
Pragmatic (
red | 52 APM | 1773 actions | 33:56)
4 Demon Hunter
2 Mana Burn
2 Evasion
» actions
| Assign group hotkey | 28 | |
| Basic commands | 3 | |
| Build / train | 114 | |
| Enter build submenu | 35 | |
| Enter hero's abilities submenu | 4 | |
| Give item / drop item | 1 | |
| Remove unit from queue | 4 | |
| Right click | 874 | |
| Select / deselect | 541 | |
| Select group hotkey | 118 | |
| Use ability | 51 | |
1773 total
» units
| Wisp | 34 | |
| Archer | 10 | |
| Glaive Thrower | 2 | |
| Chimaera | 9 | |
| Troll Batrider | 21 | |
| Hippogryph | 19 | |
95 total
» upgrades
| Strength of the Wild | 3 | |
| Ultravision | 0 | |
| Reinforced Hides | 2 | |
| Corrosive Breath | 1 | |
6 total
» buildings
| Altar of Elders | 1 | |
| Moon Well | 14 | |
| Ancient of War | 1 | |
| Ancient of Wonders | 1 | |
| Hunter's Hall | 1 | |
| Tree of Ages | 1 | |
| Ancient of Wind | 2 | |
| Tree of Eternity | 1 | |
| Chimaera Roost | 3 | |
| Tree of Life | 1 | |
| Ancient Protector | 2 | |
28 total
» build order
00:07 Altar of Elders
00:18 Moon Well
01:02 Ancient of War
01:40 Moon Well
02:25 Ancient of Wonders
02:40 Moon Well
03:07 Hunter's Hall
03:53 Tree of Ages
07:38 Ancient of Wind
08:59 Tree of Eternity
10:12 Moon Well
10:17 Moon Well
11:26 Chimaera Roost
11:31 Chimaera Roost
11:47 Chimaera Roost
12:49 Moon Well
12:54 Moon Well
13:01 Moon Well
13:06 Moon Well
13:46 Tree of Life
19:27 Ancient of Wind
26:05 Ancient Protector
26:59 Ancient Protector
30:26 Moon Well
31:47 Moon Well
31:50 Moon Well
32:04 Moon Well
33:02 Moon Well
» items
| Potion of Lesser Invulnerability | 1 | |
| Orb of Venom | 1 | |
2 total
team 2 (winner)
bazooka_man (
yellow | 90 APM | 3058 actions | 33:57)
5 Archmage
3 Blizzard
2 Brilliance Aura
3 Paladin
1 Holy Light
2 Divine Shield
3 Blood Mage
1 Flame Strike
2 Siphon Mana
2 Pit Lord
1 Rain of Fire
1 Cleaving Attack
» actions
| Assign group hotkey | 34 | |
| Basic commands | 20 | |
| Build / train | 167 | |
| ESC pressed | 3 | |
| Enter build submenu | 73 | |
| Enter hero's abilities submenu | 15 | |
| Give item / drop item | 2 | |
| Remove unit from queue | 1 | |
| Right click | 1362 | |
| Select / deselect | 547 | |
| Select group hotkey | 437 | |
| Use ability | 397 | |
3058 total
» units
| Peasant | 28 | |
| Priest | 2 | |
| Gryphon Rider | 4 | |
| Sorceress | 1 | |
35 total
» upgrades
| Masonry | 6 | |
| Lumber Harvesting | 5 | |
| Magic Sentry | 1 | |
| Sorceress Training | 2 | |
| Storm Hammers | 1 | |
| Swords | 1 | |
| Armor | 1 | |
17 total
» buildings
| Altar of Kings | 1 | |
| Farm | 13 | |
| Scout Tower | 163 | |
| Lumber Mill | 4 | |
| Arcane Tower | 4 | |
| Guard Tower | 70 | |
| Keep | 4 | |
| Arcane Vault | 1 | |
| Castle | 3 | |
| Arcane Sanctum | 2 | |
| Gryphon Aviary | 4 | |
| Blacksmith | 1 | |
| Town Hall | 1 | |
271 total
» build order
00:07 Altar of Kings
00:10 Farm
00:37 Scout Tower
00:42 Lumber Mill
01:05 Scout Tower
01:21 Farm
01:34 Arcane Tower
01:58 Scout Tower
02:07 Scout Tower
02:14 Scout Tower
02:24 Arcane Tower
02:28 Guard Tower
02:30 Scout Tower
02:49 Arcane Tower
02:49 Arcane Tower
02:54 Scout Tower
02:59 Scout Tower
02:59 Scout Tower
03:00 Guard Tower
03:01 Guard Tower
03:16 Scout Tower
03:39 Guard Tower
03:41 Scout Tower
04:02 Guard Tower
04:03 Guard Tower
04:03 Scout Tower
04:04 Scout Tower
04:05 Guard Tower
04:19 Scout Tower
04:19 Scout Tower
04:19 Scout Tower
04:20 Scout Tower
04:20 Scout Tower
04:21 Scout Tower
04:21 Scout Tower
04:22 Guard Tower
04:49 Farm
04:49 Farm
04:52 Guard Tower
04:52 Guard Tower
04:56 Farm
05:08 Guard Tower
05:09 Guard Tower
05:11 Lumber Mill
05:13 Scout Tower
05:13 Scout Tower
05:14 Guard Tower
05:24 Guard Tower
05:24 Guard Tower
05:26 Lumber Mill
05:31 Scout Tower
05:31 Scout Tower
05:31 Scout Tower
05:33 Scout Tower
05:45 Guard Tower
06:12 Guard Tower
06:29 Keep
06:29 Keep
06:56 Scout Tower
06:56 Scout Tower
07:02 Scout Tower
07:03 Scout Tower
07:04 Scout Tower
07:05 Scout Tower
07:16 Scout Tower
07:16 Scout Tower
07:17 Scout Tower
07:17 Scout Tower
07:30 Scout Tower
07:31 Scout Tower
07:31 Scout Tower
07:31 Scout Tower
07:32 Scout Tower
07:32 Scout Tower
07:33 Scout Tower
07:34 Keep
07:35 Guard Tower
07:36 Guard Tower
07:37 Scout Tower
07:54 Guard Tower
08:20 Guard Tower
08:36 Scout Tower
08:38 Arcane Vault
08:40 Guard Tower
08:41 Guard Tower
08:43 Guard Tower
08:47 Scout Tower
08:48 Scout Tower
08:48 Scout Tower
08:48 Scout Tower
08:48 Scout Tower
08:49 Scout Tower
08:58 Guard Tower
09:30 Guard Tower
09:34 Scout Tower
09:34 Scout Tower
09:34 Scout Tower
09:35 Scout Tower
09:35 Scout Tower
09:36 Scout Tower
09:41 Castle
10:04 Castle
10:05 Guard Tower
10:05 Guard Tower
10:05 Guard Tower
10:07 Scout Tower
10:08 Scout Tower
10:20 Guard Tower
11:23 Guard Tower
11:28 Arcane Sanctum
11:39 Guard Tower
11:43 Scout Tower
11:43 Scout Tower
11:44 Scout Tower
11:44 Scout Tower
11:44 Scout Tower
11:45 Scout Tower
11:45 Scout Tower
11:45 Scout Tower
11:45 Scout Tower
12:26 Guard Tower
12:26 Guard Tower
12:34 Scout Tower
12:34 Scout Tower
12:34 Scout Tower
12:35 Scout Tower
12:38 Guard Tower
12:50 Guard Tower
13:16 Guard Tower
13:16 Guard Tower
13:26 Farm
13:29 Farm
13:57 Guard Tower
13:58 Guard Tower
14:14 Scout Tower
14:15 Scout Tower
14:44 Scout Tower
14:44 Scout Tower
14:44 Scout Tower
14:45 Scout Tower
14:45 Scout Tower
14:45 Scout Tower
14:55 Guard Tower
14:56 Guard Tower
15:36 Scout Tower
15:36 Scout Tower
15:37 Scout Tower
15:38 Scout Tower
15:38 Scout Tower
16:05 Gryphon Aviary
16:06 Gryphon Aviary
16:06 Gryphon Aviary
16:06 Gryphon Aviary
16:08 Blacksmith
16:12 Guard Tower
16:13 Guard Tower
16:13 Guard Tower
16:25 Lumber Mill
16:56 Arcane Sanctum
16:59 Farm
16:59 Farm
16:59 Farm
17:00 Farm
17:00 Farm
17:15 Scout Tower
17:16 Scout Tower
17:16 Scout Tower
17:16 Scout Tower
17:17 Scout Tower
17:17 Scout Tower
17:17 Scout Tower
17:18 Scout Tower
17:18 Scout Tower
17:18 Scout Tower
17:19 Scout Tower
17:19 Scout Tower
18:27 Guard Tower
18:28 Guard Tower
18:50 Scout Tower
20:17 Scout Tower
20:17 Scout Tower
20:18 Scout Tower
20:18 Scout Tower
20:54 Guard Tower
21:46 Guard Tower
22:15 Scout Tower
22:15 Scout Tower
22:15 Scout Tower
22:16 Scout Tower
22:16 Scout Tower
22:16 Scout Tower
22:16 Scout Tower
22:17 Scout Tower
24:35 Scout Tower
24:35 Scout Tower
24:35 Scout Tower
24:36 Scout Tower
24:36 Scout Tower
24:36 Scout Tower
25:12 Scout Tower
25:12 Scout Tower
25:12 Scout Tower
25:12 Scout Tower
25:13 Scout Tower
25:13 Scout Tower
25:14 Scout Tower
25:14 Scout Tower
25:15 Scout Tower
25:16 Scout Tower
25:16 Scout Tower
25:16 Scout Tower
25:17 Scout Tower
25:17 Scout Tower
25:17 Scout Tower
25:18 Scout Tower
25:19 Scout Tower
26:15 Scout Tower
26:15 Scout Tower
26:16 Scout Tower
26:16 Scout Tower
26:16 Scout Tower
26:17 Scout Tower
26:17 Scout Tower
26:19 Guard Tower
26:26 Town Hall
26:40 Scout Tower
26:40 Scout Tower
26:46 Guard Tower
26:48 Guard Tower
26:56 Guard Tower
27:14 Guard Tower
27:14 Guard Tower
27:30 Guard Tower
27:32 Scout Tower
27:35 Scout Tower
27:36 Scout Tower
27:41 Guard Tower
28:04 Guard Tower
28:07 Scout Tower
28:08 Scout Tower
28:13 Scout Tower
28:13 Scout Tower
28:14 Scout Tower
28:15 Scout Tower
28:16 Scout Tower
28:17 Scout Tower
28:19 Scout Tower
28:56 Guard Tower
28:56 Guard Tower
29:56 Guard Tower
» items
| Boots of Speed | 3 | |
| Staff of Teleportation | 4 | |
| Scroll of Regeneration | 1 | |
| Potion of Invisibility | 1 | |
| Staff of Sanctuary | 1 | |
| Periapt of Vitality | 1 | |
11 total
derpina (
teal | 50 APM | 1692 actions | 33:57)
5 Blood Mage
3 Flame Strike
2 Siphon Mana
2 Mountain King
1 Storm Bolt
1 Bash
» actions
| Assign group hotkey | 64 | |
| Basic commands | 24 | |
| Build / train | 105 | |
| Enter build submenu | 50 | |
| Enter hero's abilities submenu | 7 | |
| Give item / drop item | 5 | |
| Remove unit from queue | 1 | |
| Right click | 586 | |
| Select / deselect | 385 | |
| Select group hotkey | 330 | |
| Use ability | 135 | |
1692 total
» units
| Peasant | 15 | |
| Mortar Team | 6 | |
| Sorceress | 2 | |
| Flying Machine | 20 | |
43 total
» upgrades
| Masonry | 2 | |
| Lumber Harvesting | 1 | |
| Gunpowder | 2 | |
| Fragmentation Shards | 1 | |
| Flak Cannons | 1 | |
| Flare | 1 | |
| Sorceress Training | 2 | |
10 total
» buildings
| Altar of Kings | 1 | |
| Farm | 13 | |
| Arcane Vault | 1 | |
| Lumber Mill | 1 | |
| Scout Tower | 24 | |
| Arcane Tower | 1 | |
| Guard Tower | 21 | |
| Keep | 1 | |
| Castle | 1 | |
| Blacksmith | 1 | |
| Town Hall | 1 | |
| Workshop | 4 | |
| Arcane Sanctum | 1 | |
71 total
» build order
00:07 Altar of Kings
00:09 Farm
00:28 Arcane Vault
01:09 Farm
01:13 Lumber Mill
01:27 Scout Tower
01:59 Scout Tower
02:04 Arcane Tower
02:22 Farm
02:34 Guard Tower
02:35 Scout Tower
03:00 Scout Tower
03:04 Guard Tower
03:06 Scout Tower
03:14 Scout Tower
03:16 Scout Tower
03:46 Guard Tower
03:50 Scout Tower
03:51 Scout Tower
04:30 Keep
04:32 Guard Tower
04:33 Guard Tower
04:34 Guard Tower
04:34 Guard Tower
04:39 Scout Tower
05:06 Guard Tower
05:07 Scout Tower
05:09 Scout Tower
05:11 Scout Tower
05:12 Scout Tower
05:13 Guard Tower
05:39 Guard Tower
06:11 Guard Tower
06:23 Guard Tower
06:35 Guard Tower
06:42 Scout Tower
06:53 Castle
07:03 Scout Tower
07:03 Scout Tower
07:08 Scout Tower
07:18 Scout Tower
07:23 Guard Tower
08:04 Guard Tower
08:19 Scout Tower
08:20 Scout Tower
08:43 Guard Tower
09:54 Blacksmith
09:57 Guard Tower
11:04 Town Hall
11:05 Guard Tower
11:09 Scout Tower
11:10 Scout Tower
12:01 Guard Tower
12:02 Guard Tower
13:17 Workshop
13:18 Workshop
13:18 Workshop
13:22 Scout Tower
14:34 Guard Tower
15:22 Farm
15:26 Farm
15:53 Arcane Sanctum
16:34 Farm
16:36 Farm
17:11 Farm
17:12 Farm
26:46 Farm
26:46 Farm
26:46 Farm
26:48 Farm
32:58 Workshop
» items
| Ivory Tower | 6 | |
| Scroll of Regeneration | 4 | |
| Lesser Clarity Potion | 1 | |
| Staff of Sanctuary | 2 | |
| Scroll of Town Portal | 5 | |
18 total

»
Battletide (
orange | 25 APM | 51 actions | 02:02)
» actions
| Assign group hotkey | 4 | |
| Build / train | 8 | |
| Enter build submenu | 6 | |
| Right click | 10 | |
| Select / deselect | 18 | |
| Use ability | 5 | |
51 total
» units
» buildings
| Farm | 2 | |
| Altar of Kings | 1 | |
| Barracks | 1 | |
| Lumber Mill | 1 | |
5 total
» build order
00:11 Farm
00:20 Altar of Kings
00:30 Barracks
01:08 Farm
02:00 Lumber Mill
avid.milk (
purple | 69 APM | 2343 actions | 33:57)
4 Archmage
2 Blizzard
2 Brilliance Aura
3 Blood Mage
2 Flame Strike
1 Siphon Mana
3 Pit Lord
2 Rain of Fire
1 Cleaving Attack
» actions
| Assign group hotkey | 24 | |
| Basic commands | 35 | |
| Build / train | 112 | |
| Enter build submenu | 48 | |
| Enter hero's abilities submenu | 10 | |
| Give item / drop item | 4 | |
| Remove unit from queue | 1 | |
| Right click | 1187 | |
| Select / deselect | 422 | |
| Select group hotkey | 252 | |
| Use ability | 248 | |
2343 total
» units
| Peasant | 21 | |
| Gryphon Rider | 2 | |
| Dragonhawk Rider | 2 | |
| Sorceress | 1 | |
26 total
» upgrades
| Masonry | 2 | |
| Magic Sentry | 1 | |
| Sorceress Training | 1 | |
| Cloud | 1 | |
5 total
» buildings
| Altar of Kings | 1 | |
| Farm | 9 | |
| Lumber Mill | 1 | |
| Scout Tower | 46 | |
| Guard Tower | 27 | |
| Arcane Tower | 6 | |
| Keep | 3 | |
| Arcane Vault | 1 | |
| Blacksmith | 2 | |
| Castle | 4 | |
| Gryphon Aviary | 3 | |
| Arcane Sanctum | 1 | |
104 total
» build order
00:09 Altar of Kings
00:12 Farm
00:52 Lumber Mill
01:05 Farm
01:36 Scout Tower
01:45 Scout Tower
02:02 Guard Tower
02:02 Guard Tower
02:21 Guard Tower
02:22 Scout Tower
02:25 Scout Tower
02:36 Farm
02:59 Arcane Tower
03:01 Arcane Tower
03:01 Arcane Tower
03:01 Arcane Tower
03:09 Scout Tower
03:13 Scout Tower
03:28 Scout Tower
03:50 Guard Tower
03:53 Guard Tower
03:55 Scout Tower
04:10 Guard Tower
04:14 Scout Tower
04:16 Scout Tower
04:18 Scout Tower
04:33 Guard Tower
04:35 Scout Tower
04:35 Scout Tower
04:38 Scout Tower
04:40 Scout Tower
04:42 Scout Tower
04:42 Scout Tower
05:18 Keep
05:18 Keep
05:18 Keep
05:20 Guard Tower
05:26 Arcane Vault
05:43 Scout Tower
06:13 Guard Tower
06:15 Scout Tower
06:17 Scout Tower
06:17 Scout Tower
06:20 Scout Tower
06:21 Scout Tower
06:49 Guard Tower
06:53 Blacksmith
06:55 Blacksmith
06:58 Guard Tower
07:29 Scout Tower
07:30 Scout Tower
07:31 Scout Tower
07:32 Scout Tower
07:33 Scout Tower
07:33 Scout Tower
07:36 Scout Tower
08:18 Guard Tower
08:37 Guard Tower
08:40 Castle
08:41 Castle
08:42 Castle
08:42 Castle
08:42 Guard Tower
08:45 Scout Tower
08:47 Scout Tower
08:50 Scout Tower
09:19 Gryphon Aviary
09:20 Gryphon Aviary
09:20 Gryphon Aviary
09:22 Farm
09:23 Farm
09:23 Farm
09:28 Guard Tower
09:48 Guard Tower
09:59 Farm
11:05 Scout Tower
11:05 Scout Tower
11:06 Scout Tower
11:06 Scout Tower
11:07 Scout Tower
11:07 Scout Tower
11:08 Scout Tower
11:09 Scout Tower
11:09 Scout Tower
11:09 Scout Tower
11:10 Scout Tower
11:11 Scout Tower
11:11 Scout Tower
11:30 Arcane Sanctum
11:38 Guard Tower
12:27 Guard Tower
12:27 Guard Tower
12:36 Guard Tower
12:37 Guard Tower
13:06 Guard Tower
13:06 Guard Tower
13:08 Arcane Tower
13:09 Guard Tower
13:09 Guard Tower
13:09 Guard Tower
14:52 Guard Tower
17:32 Farm
17:34 Farm
» items
| Boots of Speed | 4 | |
| Staff of Teleportation | 6 | |
| Lesser Clarity Potion | 3 | |
| Potion of Invisibility | 1 | |
| Orb of Fire | 2 | |
| Staff of Sanctuary | 4 | |
| Scroll of Regeneration | 1 | |
21 total
Chat log
(00:21 / 10) bazooka_man: tower out at the end of ur base
(04:08 / 10) bazooka_man: help
(04:11 / 10) bazooka_man: its me vs 4
(13:45 / 10) bazooka_man: harass
(15:17 / 10) bazooka_man: use leaver
(17:16 / Allies) avid.milk: chims in my bsae
(23:54 / All) avid.milk: raped
(24:31 / Allies) avid.milk: i cant stop that air
(24:41 / Allies) avid.milk: too many unmounts
(27:44 / Allies) avid.milk: wtf the orc base
(27:56 / Allies) avid.milk: its in a square of 9
(28:15 / Allies) avid.milk: traitor priest
(28:16 / Allies) avid.milk: judas priest
(33:50 / All) bazooka_man: raped
(33:55 / All) Pragmatic: No.